 Dungeon Crawl Stone Soup version 0.23-a0-171-g5ae17c6 (webtiles) character file.

210 Felid the Chopper (level 5, -2/41 HPs)
             Began as a Demonspawn Berserker on Sept 13, 2018.
             Was a Priest of Trog.
             Killed by divine providence
             ... invoked by an orc priest
              (16 damage)
             ... on level 3 of the Dungeon.
             The game lasted 00:03:01 (3360 turns).

Felid the Chopper (Demonspawn Berserker)            Turns: 3360, Time: 00:03:02

Health: -2/41      AC:  6    Str: 18    XL:     5   Next: 56%
Magic:  5/5        EV: 13    Int:  8    God:    Trog [***...]
Gold:   153        SH:  0    Dex: 13    Spells: 4/4 levels left

rFire    . . .     SeeInvis .   a - +0 hand axe
rCold    . . .     Gourm    .   (no shield)
rNeg     . . .     Faith    +   h - +0 scale mail
rPois    .         Spirit   .   (no helmet)
rElec    .         Reflect  .   (no cloak)
rCorr    .         Harm     .   (no gloves)
MR       .....                  (no boots)
Stlth    +.........             i - amulet of faith
HPRegen  0.13/turn              (no ring)
MPRegen  0.09/turn              (no ring)

@: no status effects
A: repulsion field 2, demonic guardian 1, nightstalker 1
a: Berserk, Trog's Hand, Renounce Religion


You were on level 3 of the Dungeon.
You worshipped Trog.
Trog was most pleased with you.
You were not hungry.

You visited 1 branch of the dungeon, and saw 3 of its levels.

You collected 153 gold pieces.

Inventory:

Hand Weapons
 a - a +0 hand axe (weapon)
Armour
 b - a +0 animal skin
 e - a +0 ring mail
 h - a +0 scale mail (worn)
Jewellery
 i - an amulet of faith (around neck)
 q - an uncursed amulet of guardian spirit {unknown}
Wands
 l - a wand of disintegration (9)
Scrolls
 d - 3 scrolls of remove curse {unknown}
 f - 2 scrolls of teleportation {unknown}
 g - 2 scrolls of fog {unknown}
 j - 2 scrolls of identify {unknown}
 o - a scroll of blinking {unknown}
Potions
 k - 4 potions of curing {unknown}
 m - a potion of berserk rage {unknown}
 n - a potion of ambrosia {unknown}
 p - a potion of agility {unknown}
Comestibles
 c - 2 rations
 r - 2 chunks of flesh


   Skills:
 + Level 3.3 Fighting
 * Level 4.9 Axes
 + Level 2.5 Armour
 + Level 2.4 Dodging
 + Level 0.3 Stealth


You had 4 spell levels left.
You didn't know any spells.
Your spell library was empty.

Dungeon Overview and Level Annotations

Branches:
Dungeon (3/15)

Altars:
Qazlal
Zin


Innate Abilities, Weirdness & Mutations

You are surrounded by a moderate repulsion field. (EV +3)
A weak demonic guardian rushes to your aid.
You are slightly more attuned to the shadows.


Message History

Your ufetubus hits the orc priest. The orc hits you with a flail.
You hit the orc priest.
The orc priest is moderately wounded.
You hit the orc. Your ufetubus misses the orc priest.
Your ufetubus hits the orc priest.
The orc priest calls down the wrath of Beogh upon you.
Pain shoots through your body! The orc misses you.
Your ufetubus hits the orc.
The orc dies!
Trog accepts your kill.
You closely miss the orc priest.
The orc priest is heavily wounded.
Your ufetubus closely misses the orc priest.
Your ufetubus hits the orc priest. The orc priest completely misses you.
Unknown command.
You closely miss the orc priest.
The orc priest is heavily wounded.
You hit the orc.
The orc priest invokes the aid of Beogh against you.
Beogh smites you!
You die...

#. #. #.# ######. #.
#..# ##...#..
#.##...######.......
.......)...........
#.#.###.###........
#o#.# #.###........
#oo.# #...##......)
###5@##
###.###<..##.
#..5..# #..########
###>....# ##.#
#......?# #.#
#(####### #.#
###.### #.# #....ยง#
#.# ###.....### #.#
#...._....# #.#


You could see an orc priest, 2 orcs, a friendly shadow imp and a friendly
ufetubus.

Vanquished Creatures
  An ogre (D:3)
  4 gnolls
  2 adders (D:2)
  2 worms
  2 dart slugs (D:1)
  A leopard gecko (D:2)
  3 giant cockroaches
  6 goblins
  17 hobgoblins
  12 jackals
  A ball python (D:1)
  9 bats
  4 frilled lizards
  6 kobolds
  9 rats
79 creatures vanquished.

Vanquished Creatures (collateral kills)
  2 orcs (D:3)
2 creatures vanquished.

Grand Total: 81 creatures vanquished

Notes
Turn   | Place    | Note
-------+----------+-------------------------------------------
     0 | D:1      | Felid the Demonspawn Berserker began the quest for the Orb.
     0 | D:1      | Reached XP level 1. HP: 18/18 MP: 1/1
    70 | D:1      | Reached skill level 3 in Axes
    88 | D:1      | Gained mutation: A weak demonic guardian rushes to your
                  | aid. [demonic ancestry]
    88 | D:1      | Reached XP level 2. HP: 15/24 MP: 2/2
   527 | D:1      | Reached ** piety under Trog
   575 | D:1      | Gained mutation: You are slightly more attuned to the
                  | shadows. [demonic ancestry]
   575 | D:1      | Reached XP level 3. HP: 26/29 MP: 3/3
   998 | D:2      | Reached skill level 4 in Axes
  1262 | D:2      | Gained mutation: You are surrounded by a mild repulsion
                  | field. (EV +2) [demonic ancestry]
  1262 | D:2      | Reached XP level 4. HP: 26/35 MP: 4/4
  2178 | D:2      | Found a glowing silver altar of Zin.
  2615 | D:3      | Noticed an ogre
  2882 | D:3      | Killed an ogre
  2882 | D:3      | Gained mutation: You are surrounded by a moderate repulsion
                  | field. (EV +3) [demonic ancestry]
  2882 | D:3      | Reached XP level 5. HP: 8/41 MP: 5/5
  3283 | D:3      | Reached *** piety under Trog
  3323 | D:3      | Found a stormy altar of Qazlal.
  3360 | D:3      | Killed from afar by an orc priest

Vault maps used:
D:1:      tarquinn_simple_flora_water_b, minmay_tromino_v4_b
D:2:      lemuel_round_altar, kennysheep_nondescript
D:3:      grunt_qazlal_clouds

Skill      XL: |  1  2  3  4 |
---------------+-------------+-----
Axes           | 3 4 |  4.9
Dodging        | 2 |  2.4
Armour         | 2 |  2.5
Fighting       | |  3.3
Stealth        | |  0.3

Action                   |  1- 3 |  4- 6 || total
-------------------------+-------+-------++-------
Melee: Hand axe          |   136 |   135 ||   271
 Stab: Sleeping          |     1 |     1 ||     2
  Eat: Chunk             |     1 |     4 ||     5
       Ration            |       |     1 ||     1
Armor: Animal skin       |    13 |       ||    13
       Ring mail         |    39 |    28 ||    67
       Scale mail        |       |    16 ||    16
Dodge: Dodged            |   115 |   102 ||   217

Table legend:
 A = Non-vault XP
 B = Vault XP
 C = Vault XP percentage of total XP
 D = Non-vault monster count
 E = Vault monster count
 F = Vault count percentage of total count
                 A         B        C        D         E       F
            +---------+---------+-------+---------+---------+-------
      Total |     298 |       2 |   0.7 |      79 |       2 |   2.5
            +---------+---------+-------+---------+---------+-------
        D:1 |      74 |       2 |   2.6 |      36 |       2 |   5.3
        D:2 |     105 |       0 |   0.0 |      25 |       0 |   0.0
        D:3 |     119 |       0 |   0.0 |      18 |       0 |   0.0
            +---------+---------+-------+---------+---------+-------
